[Event "Titled Tuesday Blitz April 25 Early 2023"]
[White "Wagner, Dennis"]
[Black "Nguyen, Ngoc Truong Son"]
[WhiteFideId "24650684"]
[BlackFideId "12401110"]
[WhiteElo "2470"]
[BlackElo "2556"]
[Result "0-1"]
[Round "03"]
[TimeControl "180+2"]
[Date "2023.04.25"]
[WhiteClock "0:00:04"]
[BlackClock "0:00:20"]

1. d4 d5 2. Nf3 Nf6 3. c4 c6 4. Nc3 a6 5. Qc2 dxc4 6. e4 b5 7. b3 b4 8. Na4 c3 9. a3 a5 10. axb4 axb4 11. Bc4 e6 12. O-O Be7 13. Bg5 Nbd7 14. Ne5 Nxe5 15. dxe5 Nd7 16. Bxe7 Qxe7 17. f4 O-O 18. Kh1 Ba6 19. Qe2 Bxc4 20. Qxc4 h6 21. Rad1 Rxa4 22. bxa4 Qc5 23. Qxc5 Nxc5 24. Rd4 Rb8 25. a5 b3 26. Rc4 b2 27. Rb1 Nxe4 28. Rxe4 c2 29. Ree1 cxb1=Q 30. Rxb1 c5 31. a6 c4 32. a7 Ra8 33. Rxb2 Rxa7 34. g3 Rc7 35. Kg2 c3 36. Rc2 g5 37. fxg5 hxg5 38. g4 Rc5 39. Kf3 Rxe5 40. Rxc3 Kg7 41. h3 Rd5 42. Kg3 Kf6 43. Rf3+ Ke7 44. Ra3 Kd6 45. Rf3 Ke7 46. h4 gxh4+ 47. Kxh4 Rd1 48. Kg3 e5 49. Ra3 Kf6 50. Rf3+ Ke6 51. Ra3 Rg1+ 52. Kf3 Kf6 53. Ra6+ Kg5 54. Ra7 Rf1+ 55. Kg3 Rf4 56. Re7 Rxg4+ 57. Kf3 Rf4+ 58. Ke3 f6 59. Rg7+ Kf5 60. Rh7 Re4+ 61. Kf3 Ra4 62. Rh5+ Ke6 63. Rh8 Ra3+ 64. Ke4 f5# 0-1


[Site "https://www.chess.com"]

[Event "Titled Tuesday Blitz April 25 Early 2023"]
[White "Szpar, Milosz"]
[Black "Shimanov, Aleksandr"]
[WhiteFideId "1184989"]
[BlackFideId "4198603"]
[WhiteElo "2436"]
[BlackElo "2631"]
[Result "1-0"]
[Round "03"]
[TimeControl "180+2"]
[Date "2023.04.25"]
[WhiteClock "0:00:29"]
[BlackClock "0:00:10"]

1. e4 c6 2. d4 d5 3. e5 Bf5 4. h4 h5 5. c4 e6 6. Nc3 Bb4 7. Qb3 a5 8. a3 dxc4 9. Bxc4 Bxc3+ 10. bxc3 b5 11. Be2 a4 12. Qb2 Ne7 13. Bg5 Nd7 14. Bf3 Rc8 15. Ne2 Nb6 16. Nf4 g6 17. Bf6 Rg8 18. O-O Qd7 19. Be2 Be4 20. f3 Bd5 21. g4 hxg4 22. fxg4 Bc4 23. Nh3 Ned5 24. Ng5 Bxe2 25. Qxe2 Nxc3 26. Qe3 Qxd4 27. Qxd4 Ne2+ 28. Kh2 Nxd4 29. Ne4 Nc4 30. Bg5 Rh8 31. Nf6+ Kf8 32. Nd7+ Kg8 33. Rae1 Nxa3 34. Rf4 Rc7 35. Nf6+ Kg7 36. Ref1 Nac2 37. h5 a3 38. h6+ Rxh6+ 39. Bxh6+ Kxh6 40. g5+ Kg7 41. Rh4 1-0


[Site "https://www.chess.com"]

[Event "Titled Tuesday Blitz April 25 Early 2023"]
[White "Bortnyk, Olexandr"]
[Black "Pakleza, Zbigniew"]
[WhiteFideId "14120828"]
[BlackFideId "1119290"]
[WhiteElo "2734"]
[BlackElo "2410"]
[Result "1/2-1/2"]
[Round "03"]
[TimeControl "180+2"]
[Date "2023.04.25"]
[WhiteClock "0:00:03"]
[BlackClock "0:00:02"]

1. d4 d5 2. Nc3 Nf6 3. Bf4 Bf5 4. e3 e6 5. Nf3 Bd6 6. Ne5 h6 7. Bd3 Nbd7 8. Bxf5 exf5 9. h3 Qe7 10. Nxd7 Qxd7 11. Qf3 Bxf4 12. Qxf4 O-O-O 13. O-O-O Ne4 14. Ne2 g6 15. Rd3 a6 16. Re1 Qd6 17. f3 Ng5 18. Qh4 Ne6 19. Rc3 Rde8 20. a3 g5 21. Qf2 Re7 22. Kb1 Rhe8 23. Rd1 Ng7 24. Nc1 f4 25. exf4 gxf4 26. Nd3 Nf5 27. Nc5 Re3 28. Rcd3 a5 29. Qd2 b6 30. Nb3 Re2 31. Qc3 Rxg2 32. Nc1 Re3 33. Qb3 Kb7 34. Rc3 Rg3 35. Nd3 Rgxf3 36. Nc5+ Kc8 37. Na4 Rxc3 38. Nxc3 Ne3 39. Rg1 Rf1+ 40. Rxf1 Nxf1 41. Qb5 Ne3 42. Qe8+ Kb7 43. Qxf7 Nc4 44. Nxd5 Nd2+ 45. Kc1 Nf3 46. Nxf4 Nxd4 47. Kb1 a4 48. Nd3 Qc6 49. Qf2 Qh1+ 50. Ka2 Qd5+ 51. Kb1 Qh1+ 52. Nc1 Qd5 53. Qe3 Qc4 54. Qe4+ Ka7 55. h4 Nb3 56. Qe3 Nxc1 57. Kxc1 Qxh4 58. Kb1 Qg5 59. Qe4 b5 60. Qd4+ Kb7 61. Qe4+ c6 62. Qd4 h5 63. Qd7+ Kb6 64. Qe8 h4 65. Qb8+ Kc5 66. Qf8+ Kd5 67. Qf3+ Kd6 68. Qf8+ Ke6 69. Qe8+ Kd6 70. Qb8+ Ke6 71. Qc8+ Ke5 72. Qc7+ Kf5 73. Qd7+ Kf4 74. Qd2+ Kg4 75. Qg2+ Kh5 76. Qf3+ Qg4 77. Qf7+ Qg6 78. Qf3+ Kh6 79. Qf4+ Qg5 80. Qf8+ Kg6 81. Qe8+ Kf5 82. Qd7+ Kf4 83. Qd2+ Kg4 84. Qg2+ Kh5 85. Qf3+ Qg4 86. Qf7+ Qg6 87. Qf3+ Qg4 1/2-1/2


[Site "https://www.chess.com"]

[Event "Titled Tuesday Blitz April 25 Early 2023"]
[White "Samunenkov, Ihor"]
[Black "Svane, Rasmus"]
[WhiteFideId "14187086"]
[BlackFideId "4657101"]
[WhiteElo "2457"]
[BlackElo "2597"]
[Result "0-1"]
[Round "03"]
[TimeControl "180+2"]
[Date "2023.04.25"]
[WhiteClock "0:00:04"]
[BlackClock "0:00:04"]

1. d4 Nf6 2. Nf3 d5 3. c4 e6 4. g3 h6 5. Bg2 Bd6 6. O-O O-O 7. Nc3 Nc6 8. e3 dxc4 9. Nd2 e5 10. Nxc4 exd4 11. exd4 Bf5 12. Nxd6 Qxd6 13. Bf4 Qd7 14. d5 Nb4 15. Qb3 a5 16. a3 Bc2 17. Qc4 Bd3 18. Qxc7 Bxf1 19. Rxf1 Nd3 20. Qxd7 Nxd7 21. Bc7 N7c5 22. d6 Rae8 23. Nd5 Nxb2 24. Nb6 Re6 25. d7 Nxd7 26. Nxd7 Re7 27. Nxf8 Rxc7 28. Rb1 Nc4 29. Rc1 Kxf8 30. Bxb7 Rxb7 31. Rxc4 Rb3 32. Ra4 Rb5 33. Re4 f5 34. Rd4 Ke7 35. Kg2 Rb3 36. Ra4 Rb5 37. Rc4 Kd6 38. h4 Rc5 39. Rd4+ Ke5 40. Rd7 g5 41. hxg5 hxg5 42. Ra7 Kd4 43. Kf3 Kc3 44. Rb7 Rc4 45. Rb5 g4+ 46. Ke2 a4 47. Rxf5 Kb3 48. Rb5+ Kxa3 49. f3 Rb4 50. Ra5 Kb2 51. fxg4 Rxg4 52. Kf3 Rb4 53. g4 a3 54. Kg3 a2 55. Kh4 Kb3 56. Rxa2 Kxa2 57. Kh5 Kb3 58. g5 Kc4 59. Kg6 Kd5 60. Kf6 Rf4+ 61. Ke7 Rg4 62. Kf6 Kd6 63. g6 Rf4+ 64. Kg7 Ke7 0-1


[Site "https://www.chess.com"]

[Event "Titled Tuesday Blitz April 25 Early 2023"]
[White "Tactrics"]
[Black "Bilych, Olexiy"]
[BlackFideId "14156504"]
[WhiteElo "2966"]
[BlackElo "2320"]
[Result "1/2-1/2"]
[Round "03"]
[TimeControl "180+2"]
[Date "2023.04.25"]
[WhiteClock "0:00:06"]
[BlackClock "0:00:19"]

1. e4 c5 2. Nf3 d6 3. Nc3 Nf6 4. d4 cxd4 5. Qxd4 e5 6. Qd3 h6 7. Nd5 Nxd5 8. Qxd5 Be7 9. Be2 O-O 10. O-O Qc7 11. c4 Be6 12. Qd3 Nc6 13. Be3 Rac8 14. Rac1 Rfd8 15. Rfd1 Qa5 16. a3 Bg4 17. Nd2 Bxe2 18. Qxe2 Bg5 19. Nf3 Bxe3 20. Qxe3 Qc7 21. Rc3 a5 22. b3 Nb8 23. Rcd3 Na6 24. Rd5 Nc5 25. h3 Ne6 26. g3 Ra8 27. Rc1 Ra6 28. Kg2 Nc5 29. Nh4 Rb6 30. Rc3 Ne6 31. Nf5 h5 32. Rxa5 g6 33. Nh4 Rxb3 34. Rxb3 Qxa5 35. Rxb7 Nc5 36. Re7 Qa8 37. Nxg6 Qxe4+ 38. Qxe4 Nxe4 39. Nh4 Ra8 40. Nf5 Rxa3 41. c5 Nxc5 42. Nxd6 Nd3 43. Rxf7 Ra6 44. Rf6 Kh7 45. g4 h4 46. Kf3 Ra2 47. Ke4 Nxf2+ 48. Kxe5 Nxh3 49. Nf5 Ra5+ 50. Ke6 Ng5+ 51. Ke7 Ra7+ 52. Ke8 Ra8+ 53. Ke7 Ra7+ 54. Kd8 Ra8+ 55. Kc7 Ra7+ 56. Kb6 Rf7 57. Rh6+ Kg8 58. Rxh4 Ne4 59. Nh6+ Kg7 60. Nxf7 Kxf7 61. Kc6 Kg6 62. Kd5 Nf6+ 63. Ke6 Kg5 64. Rh1 Nxg4 65. Rg1 Kf4 66. Kd5 Kg5 67. Ke4 Kh5 68. Kf5 Nh6+ 69. Kf4 Nf7 70. Rg7 Nh6 71. Rh7 Kg6 72. Rb7 Kh5 73. Rb6 Nf7 74. Rf6 Nh6 75. Rb6 Nf7 76. Rb2 Nh6 77. Ke5 Kg6 78. Rb6+ Kg5 79. Rb1 Ng4+ 80. Ke4 Nf2+ 81. Kf3 Nd3 82. Rb5+ Kf6 83. Ke4 Nf2+ 84. Kf4 Nd3+ 85. Ke4 Nf2+ 86. Kf3 Nd3 87. Rd5 Ne5+ 88. Ke4 Ng6 89. Rd6+ Kg5 90. Ra6 Nh4 91. Ra5+ Kg4 92. Ra8 Kg5 93. Rg8+ Ng6 94. Ra8 Kf6 95. Ra6+ Kg5 96. Ra5+ Kg4 97. Rb5 Nh4 98. Rb1 Kg5 99. Rg1+ Kf6 100. Rf1+ Kg5 101. Ke5 Ng6+ 102. Kd6 Nf4 103. Ke5 Ng6+ 104. Ke4 Nh4 105. Rg1+ Kf6 106. Kf4 Ng6+ 107. Kg4 Ne5+ 108. Kh5 Kf5 109. Rf1+ Ke4 110. Kg5 Nf3+ 111. Kg4 Nh2+ 112. Kg3 Nxf1+ 1/2-1/2


[Site "https://www.chess.com"]

[Event "Titled Tuesday Blitz April 25 Early 2023"]
[White "Hakobyan, Aram"]
[Black "Karthik Rajaa"]
[WhiteFideId "13306677"]
[BlackFideId "25035215"]
[WhiteElo "2584"]
[BlackElo "2215"]
[Result "1-0"]
[Round "03"]
[TimeControl "180+2"]
[Date "2023.04.25"]
[WhiteClock "0:00:39"]
[BlackClock "0:00:04"]

1. d4 Nf6 2. c4 g6 3. Nc3 Bg7 4. Nf3 O-O 5. Bg5 d6 6. e3 h6 7. Bh4 Nbd7 8. Be2 Qe8 9. O-O e5 10. Rc1 a6 11. b4 g5 12. Bg3 Nh5 13. c5 Nxg3 14. hxg3 dxc5 15. bxc5 exd4 16. Nxd4 Ne5 17. Qc2 b6 18. cxb6 cxb6 19. Nd5 Qd8 20. Nc7 Ra7 21. Rfd1 Bd7 22. Nd5 b5 23. Nf5 Bxf5 24. Qxf5 Rd7 25. e4 Rd6 26. f4 Ng6 27. Bf3 gxf4 28. gxf4 Nh4 29. Qh3 Nxf3+ 30. Qxf3 Qh4 31. e5 Rdd8 32. Ne3 Rxd1+ 33. Rxd1 Qe7 34. Nf5 Qc5+ 35. Kh2 Kh8 36. Qg4 Rg8 37. Rd8 Bf8 38. Qh4 Qc6 39. Qh3 Qg6 40. Nd6 Bxd6 41. Rxd6 1-0


[Site "https://www.chess.com"]

[Event "Titled Tuesday Blitz April 25 Early 2023"]
[White "Abdrlauf, Elham"]
[Black "Javakhadze, Zurab"]
[WhiteFideId "1533533"]
[BlackFideId "13603647"]
[WhiteElo "2469"]
[BlackElo "2381"]
[Result "1-0"]
[Round "03"]
[TimeControl "180+2"]
[Date "2023.04.25"]
[WhiteClock "0:01:28"]
[BlackClock "0:00:15"]

1. e4 e5 2. Nc3 Nf6 3. d4 exd4 4. Qxd4 Nc6 5. Qd3 Bc5 6. Be3 Bxe3 7. Qxe3 O-O 8. O-O-O Re8 9. f4 d6 10. Nf3 Bf5 11. Bd3 Nb4 12. Rhe1 Nxd3+ 13. Qxd3 Be6 14. h3 Nd7 15. g4 Nc5 16. Qd2 b5 17. f5 Bd7 18. Qf4 b4 19. Nd5 Bc6 20. g5 Qd7 21. Nf6+ gxf6 22. gxf6 Kh8 23. Ng5 Nxe4 24. Nxh7 Re5 25. Qh6 Qxf5 26. Qg7# 1-0


[Site "https://www.chess.com"]

[Event "Titled Tuesday Blitz April 25 Early 2023"]
[White "HSH1987"]
[Black "Pranesh M"]
[BlackFideId "35028600"]
[WhiteElo "2694"]
[BlackElo "2437"]
[Result "0-1"]
[Round "03"]
[TimeControl "180+2"]
[Date "2023.04.25"]
[WhiteClock "0:00:12"]
[BlackClock "0:00:40"]

1. Nf3 Nf6 2. g3 d5 3. Bg2 Bf5 4. O-O e6 5. b3 h6 6. Bb2 Nbd7 7. d3 Be7 8. Nbd2 O-O 9. c4 c6 10. Rc1 a5 11. a3 Bh7 12. Rc2 Nc5 13. Qa1 a4 14. b4 Nb3 15. Qd1 Nxd2 16. Qxd2 Nd7 17. Rfc1 Bf6 18. Bxf6 Qxf6 19. Rb2 Rfd8 20. Qc3 Qe7 21. Ne5 Nf8 22. Nf3 Bg6 23. b5 dxc4 24. bxc6 bxc6 25. Qxc4 Qxa3 26. Ra2 Qd6 27. Rxa4 Rxa4 28. Qxa4 c5 29. Qc4 Nd7 30. Qc3 Rb8 31. Nd2 Kh7 32. Be4 Rc8 33. Bxg6+ Kxg6 34. Nb3 Kh7 35. Nd2 Qd5 36. Qc4 Nf6 37. Nb3 Qh5 38. Rc2 Qh3 39. Nxc5 Ng4 40. Qe4+ g6 41. Qg2 Qh5 42. d4 e5 43. d5 e4 44. h3 Qxd5 45. hxg4 Qd1+ 46. Kh2 Qxc2 47. Nxe4 Qxe2 48. Nd6 Rc2 49. Nxf7 Qxf2 0-1


[Site "https://www.chess.com"]

[Event "Titled Tuesday Blitz April 25 Early 2023"]
[White "Chigaev, Maksim"]
[Black "Horvath, Dominik"]
[WhiteFideId "4108116"]
[BlackFideId "1642561"]
[WhiteElo "2547"]
[BlackElo "2407"]
[Result "1-0"]
[Round "03"]
[TimeControl "180+2"]
[Date "2023.04.25"]
[WhiteClock "0:01:39"]
[BlackClock "0:00:14"]

1. d4 Nf6 2. Bg5 d5 3. e3 Nbd7 4. Nf3 h6 5. Bh4 g5 6. Bg3 Nh5 7. c4 e6 8. Nc3 Nxg3 9. hxg3 c6 10. Qc2 Bg7 11. O-O-O b6 12. Kb1 Bb7 13. e4 dxc4 14. Bxc4 Qe7 15. e5 c5 16. Ne4 Bxe4 17. Qxe4 Rd8 18. d5 exd5 19. Rxd5 O-O 20. Rd6 Nxe5 21. Rdxh6 Rfe8 22. Rh8+ 1-0


[Site "https://www.chess.com"]

[Event "Titled Tuesday Blitz April 25 Early 2023"]
[White "Nevednichy, Vladislav"]
[Black "Esipenko, Andrey"]
[WhiteFideId "1205730"]
[BlackFideId "24175439"]
[WhiteElo "2370"]
[BlackElo "2615"]
[Result "0-1"]
[Round "03"]
[TimeControl "180+2"]
[Date "2023.04.25"]
[WhiteClock "0:01:40"]
[BlackClock "0:01:00"]

1. d4 Nf6 2. Bg5 d5 3. Bxf6 gxf6 4. e3 c5 5. c3 e6 6. Nd2 Nc6 7. Ngf3 Bd7 8. Be2 f5 9. a4 a6 10. O-O Rg8 11. g3 h5 12. Kh1 Qf6 13. Nh4 Be7 14. f4 Qg7 15. Ndf3 Rc8 16. Rg1 Qh8 17. Qd2 Na5 18. Qc2 Bf6 19. Rad1 Ke7 20. Qb1 Bxa4 21. Rde1 Bd7 22. dxc5 Nb3 23. Nd4 Nxc5 24. Qd1 Bxh4 25. gxh4 Ne4 26. Ref1 Rxg1+ 27. Kxg1 Qg7+ 28. Kh1 Rg8 29. Bf3 Qg1+ 30. Rxg1 Nf2# 0-1


[Site "https://www.chess.com"]

[Event "Titled Tuesday Blitz April 25 Early 2023"]
[White "Van Foreest, Jorden"]
[Black "Shuvalova, Polina"]
[WhiteFideId "1039784"]
[BlackFideId "24171760"]
[WhiteElo "2633"]
[BlackElo "2281"]
[Result "0-1"]
[Round "03"]
[TimeControl "180+2"]
[Date "2023.04.25"]
[WhiteClock "0:00:01"]
[BlackClock "0:00:06"]

1. e4 c6 2. d4 d5 3. e5 Bf5 4. Ne2 e6 5. Ng3 Bg6 6. h4 h6 7. h5 Bh7 8. Bd3 Bxd3 9. cxd3 c5 10. dxc5 Bxc5 11. d4 Bb4+ 12. Kf1 Ne7 13. a3 Ba5 14. b4 Bb6 15. Nc3 Nd7 16. Qg4 Kf8 17. Nb5 Nc8 18. Be3 a6 19. Nc3 Ne7 20. Na4 Rc8 21. Nc5 Bxc5 22. bxc5 b6 23. cxb6 Nxb6 24. Kg1 Nc4 25. Kh2 Nc6 26. Rhb1 Rb8 27. Ne2 Qc7 28. Nf4 Qc8 29. Rxb8 Qxb8 30. a4 Rg8 31. Qd1 Ke7 32. Rb1 Qc7 33. Qg4 a5 34. Kh3 Nb4 35. Rc1 Qd7 36. Qh4+ Ke8 37. Ra1 Qe7 38. Qg4 Qg5 39. Qxg5 hxg5 40. Ne2 Nxe3 41. fxe3 f5 42. exf6 gxf6 43. Rc1 Kd7 44. Rc5 f5 45. Rxa5 Nd3 46. Ra7+ Kd6 47. Nc3 Rh8 48. a5 Rxh5+ 49. Kg3 f4+ 50. Kf3 Rh1 51. exf4 gxf4 52. a6 Ra1 53. Ra8 Kc6 54. Re8 Kd7 55. Ra8 Kc6 56. a7 Kb7 57. Re8 Rxa7 58. Re7+ Kb8 59. Rxe6 Ra3 60. Nb5 Rb3 61. Re8+ Kb7 62. Re7+ Kb6 63. Nd6 Ne1+ 64. Kxf4 Nxg2+ 65. Kg4 Ne3+ 66. Kf4 Nc4 0-1


[Site "https://www.chess.com"]

[Event "Titled Tuesday Blitz April 25 Early 2023"]
[White "Bashirli, Nail"]
[Black "Durarbayli, Vasif"]
[WhiteFideId "13406809"]
[BlackFideId "13402935"]
[WhiteElo "2322"]
[BlackElo "2551"]
[Result "1-0"]
[Round "03"]
[TimeControl "180+2"]
[Date "2023.04.25"]
[WhiteClock "0:00:10"]
[BlackClock "0:00:01"]

1. e4 c5 2. Nf3 d6 3. Nc3 Nf6 4. d4 cxd4 5. Nxd4 Nc6 6. Bg5 Qb6 7. Nb3 e6 8. Qd2 a6 9. O-O-O Be7 10. f4 O-O 11. Be2 Rd8 12. g4 Bd7 13. Kb1 Rac8 14. f5 Na5 15. Nxa5 Qxa5 16. Nd5 Qxd2 17. Nxe7+ Kf8 18. Rxd2 Kxe7 19. Rhd1 Bc6 20. Bf3 h6 21. Bh4 e5 22. Re1 b5 23. Bf2 Ba8 24. Bb6 Rd7 25. b3 Rc3 26. Rd3 Rxd3 27. cxd3 Rb7 28. Be3 Rb8 29. h4 Nd7 30. Rc1 Bb7 31. g5 hxg5 32. hxg5 Rh8 33. Rc7 Bc8 34. Bg4 Kd8 35. Ra7 Rh4 36. Bd1 Rh3 37. Bd2 Rxd3 38. Ba5+ Ke7 39. Bc2 Rg3 40. Rc7 Rg1+ 41. Kb2 Kd8 42. f6 gxf6 43. gxf6 1-0


[Site "https://www.chess.com"]

[Event "Titled Tuesday Blitz April 25 Early 2023"]
[White "Kramnik, Vladimir"]
[Black "Salimova, Nurgyul"]
[WhiteFideId "4101588"]
[BlackFideId "2915138"]
[WhiteElo "2712"]
[BlackElo "2314"]
[Result "1-0"]
[Round "03"]
[TimeControl "180+2"]
[Date "2023.04.25"]
[WhiteClock "0:00:13"]
[BlackClock "0:00:01"]

1. e4 c6 2. d4 d5 3. Nd2 dxe4 4. Nxe4 Nf6 5. Nxf6+ exf6 6. c3 Bd6 7. Bd3 O-O 8. Ne2 Re8 9. O-O Nd7 10. Ng3 Nf8 11. a4 a5 12. f4 f5 13. Nxf5 Bxf5 14. Bxf5 c5 15. Kh1 Qf6 16. Qd3 cxd4 17. cxd4 Rad8 18. Be4 Bb4 19. d5 Nd7 20. Bxh7+ Kh8 21. Qh3 Qh6 22. Qxh6 gxh6 23. Bd3 Nb6 24. Bb5 Re4 25. f5 Kh7 26. Bf4 Rxd5 27. Bc7 Nc4 28. h3 Nxb2 29. Rac1 Nd3 30. Rc2 Ne5 31. f6 Ng6 32. Bg3 Bd6 33. Bxd6 Rxd6 34. Rc7 Ne5 35. Rxb7 Kg6 36. Ra7 Rxf6 37. Rxf6+ Kxf6 38. Rxa5 Re1+ 39. Kh2 Kg5 40. Ra6 f5 41. Ra8 Kf4 42. Re8 Re3 43. a5 Rb3 44. a6 Rxb5 45. a7 Rb2 46. a8=Q 1-0


[Site "https://www.chess.com"]

[Event "Titled Tuesday Blitz April 25 Early 2023"]
[White "Vetoshko, Volodymyr"]
[Black "Gupta, Abhijeet"]
[WhiteFideId "14122480"]
[BlackFideId "5010608"]
[WhiteElo "2422"]
[BlackElo "2528"]
[Result "0-1"]
[Round "03"]
[TimeControl "180+2"]
[Date "2023.04.25"]
[WhiteClock "0:00:02"]
[BlackClock "0:00:45"]

1. e4 c5 2. Nf3 d6 3. d4 cxd4 4. Nxd4 Nf6 5. Nc3 Nc6 6. Nb3 g6 7. Be2 Bg7 8. O-O O-O 9. Re1 a6 10. h3 b5 11. Bf1 Bb7 12. g3 Rc8 13. Bg2 b4 14. Nd5 a5 15. Bg5 a4 16. Bxf6 exf6 17. Nd4 Nxd4 18. Qxd4 Bxd5 19. exd5 Qa5 20. Qd3 f5 21. Rab1 Qc5 22. Re2 Rfe8 23. Rxe8+ Rxe8 24. a3 bxa3 25. Qxa3 Qxc2 26. Ra1 Bd4 27. Rf1 Bxb2 28. Qxd6 a3 29. Qa6 Qd2 30. d6 Rd8 31. Qa4 Qxd6 32. Qb3 Qe6 33. Qa4 Kg7 34. h4 h5 35. Bf3 Rd4 36. Qc2 f4 37. Kg2 Qd6 38. Qb3 Rd2 0-1


[Site "https://www.chess.com"]

[Event "Titled Tuesday Blitz April 25 Early 2023"]
[White "Svane, Frederik"]
[Black "De Silva, L M S T"]
[WhiteFideId "12923044"]
[BlackFideId "9953698"]
[WhiteElo "2502"]
[BlackElo "2404"]
[Result "1/2-1/2"]
[Round "03"]
[TimeControl "180+2"]
[Date "2023.04.25"]
[WhiteClock "0:00:13"]
[BlackClock "0:00:06"]

1. g3 d5 2. Nf3 Nf6 3. Bg2 e6 4. O-O b5 5. d4 Be7 6. Qd3 O-O 7. Bg5 Nbd7 8. Nbd2 c5 9. Qxb5 Rb8 10. Qa4 Rxb2 11. Rfb1 Qb6 12. c4 cxd4 13. Rxb2 Qxb2 14. Rb1 Qc3 15. cxd5 exd5 16. Qxd4 Qc2 17. Qxa7 Bc5 18. Qa5 Ne4 19. Be3 Bxe3 20. fxe3 Nc3 21. Re1 Nxa2 22. Nd4 Qc3 23. Qxa2 Qxe3+ 24. Kh1 Qxd4 25. Qxd5 Qxd5 26. Bxd5 Nf6 27. Bf3 Re8 28. Kg2 Be6 29. Rc1 Bd5 30. Kf2 Bxf3 31. exf3 g6 32. Rc2 Kg7 33. h4 h5 34. Nb3 Re7 35. Nd4 Nd5 36. Ne2 Nb4 37. Rd2 Rc7 38. Nf4 Rc2 39. Rxc2 Nxc2 40. g4 hxg4 41. fxg4 Nd4 42. Ke3 Nc6 43. Ke4 Ne7 44. Ke5 Nc6+ 45. Kd5 Nb4+ 46. Kc5 Nc2 47. Ng2 f5 48. g5 f4 49. Nxf4 Ne3 50. Ne6+ Kf7 51. Nd4 Ng2 52. Nf3 Ke6 53. Kd4 Kf5 54. Kd5 Kg4 55. Ne5+ Kxh4 56. Nf7 Kh5 57. Ke5 Nh4 58. Kf6 Kg4 59. Ne5+ Kh5 60. Nd3 Nf3 61. Nf4+ Kg4 62. Nxg6 Nxg5 1/2-1/2


[Site "https://www.chess.com"]

[Event "Titled Tuesday Blitz April 25 Early 2023"]
[White "Corrales Jimenez, Fidel"]
[Black "Bronstein, Or"]
[WhiteFideId "3506690"]
[BlackFideId "2815770"]
[WhiteElo "2541"]
[BlackElo "2356"]
[Result "0-1"]
[Round "03"]
[TimeControl "180+2"]
[Date "2023.04.25"]
[WhiteClock "0:01:29"]
[BlackClock "0:00:31"]

1. e4 c5 2. Nf3 d6 3. d4 cxd4 4. Nxd4 Nf6 5. Nc3 a6 6. Be3 Ng4 7. f3 Nxe3 8. Qd2 Nxf1 9. Rxf1 g6 10. O-O-O Bg7 11. Kb1 O-O 12. h4 Nc6 13. Nde2 Be6 14. h5 Qa5 15. Rh1 Ne5 16. hxg6 fxg6 17. Qg5 Nc4 18. Qxe7 Rae8 19. Qh4 h6 20. Nd4 Qb4 21. Nb3 Nxb2 22. Nd5 Bxd5 23. Rxd5 Na4 24. Kc1 Bb2+ 25. Kb1 Qa3 26. c4 Bg7 27. Rd2 Nc3+ 28. Kc2 Qxa2+ 29. Kc1 Qb1# 0-1


[Site "https://www.chess.com"]

[Event "Titled Tuesday Blitz April 25 Early 2023"]
[White "Zhigalko, Sergei"]
[Black "Skvortsov, Andrei"]
[WhiteFideId "13502956"]
[BlackFideId "24108600"]
[WhiteElo "2626"]
[BlackElo "2259"]
[Result "1-0"]
[Round "03"]
[TimeControl "180+2"]
[Date "2023.04.25"]
[WhiteClock "0:01:08"]
[BlackClock "0:00:38"]

1. e4 d5 2. exd5 Qxd5 3. Nc3 Qe5+ 4. Be2 Bg4 5. d4 Bxe2 6. Ngxe2 Qa5 7. O-O Nf6 8. b4 Qxb4 9. Qd3 Qd6 10. Bf4 Qd7 11. Rab1 c6 12. Qg3 Nh5 13. Qe3 Nxf4 14. Nxf4 e6 15. d5 cxd5 16. Ncxd5 Bd6 17. Nh5 Kf8 18. Ndf6 gxf6 19. Qh6+ Ke7 20. Qxf6+ Kf8 21. Qxh8+ Ke7 22. Rfd1 Qc6 23. Qf6+ Ke8 1-0


[Site "https://www.chess.com"]

[Event "Titled Tuesday Blitz April 25 Early 2023"]
[White "Subelj, Jan"]
[Black "Mitrabha, Guha"]
[WhiteFideId "14618583"]
[BlackFideId "5057000"]
[WhiteElo "2474"]
[BlackElo "2507"]
[Result "0-1"]
[Round "03"]
[TimeControl "180+2"]
[Date "2023.04.25"]
[WhiteClock "0:00:11"]
[BlackClock "0:00:52"]

1. e4 c6 2. Nf3 d5 3. d3 Nd7 4. e5 e6 5. d4 Ne7 6. c3 c5 7. Bd3 Nc6 8. O-O Be7 9. a3 g5 10. Be3 h5 11. b4 c4 12. Bc2 g4 13. Nfd2 f5 14. exf6 Nxf6 15. f3 Qc7 16. b5 Na5 17. fxg4 hxg4 18. Bg6+ Kd8 19. Bf4 Qb6 20. Be5 Rf8 21. Rf4 Qxb5 22. Qf1 Qb2 23. Bxf6 Rxf6 24. Rxf6 Qxa1 25. Rf8+ Bxf8 26. Qxf8+ Kc7 27. Qf4+ Kb6 28. Qxg4 Qb2 29. Qf4 Bd7 30. h4 Qc1+ 31. Kh2 Qe1 32. Nf3 Qf2 33. Qd6+ Bc6 34. Qc5+ Ka6 35. h5 Qe3 36. Qd6 Rg8 37. Qe5 Qh6 38. Qg5 Qg7 39. Ne5 Be8 40. Nd2 Nc6 41. Ndf3 Bxg6 42. Nxg6 Qc7+ 43. Nfe5 Rg7 44. h6 Rh7 45. Kg3 Qa5 46. Kh4 Qxc3 47. Nxc6 bxc6 48. Qf6 Rxh6+ 49. Kg5 Qe3+ 50. Nf4 Rxf6 0-1


[Site "https://www.chess.com"]

[Event "Titled Tuesday Blitz April 25 Early 2023"]
[White "Jaracz, Pawel"]
[Black "Demchenko, Anton"]
[WhiteFideId "1102222"]
[BlackFideId "4160258"]
[WhiteElo "2438"]
[BlackElo "2545"]
[Result "0-1"]
[Round "03"]
[TimeControl "180+2"]
[Date "2023.04.25"]
[WhiteClock "0:00:45"]
[BlackClock "0:00:41"]

1. e4 e5 2. Nf3 Nc6 3. Bb5 a6 4. Ba4 Nge7 5. Nc3 d6 6. O-O h6 7. d4 b5 8. Bb3 Nxd4 9. Nxd4 exd4 10. Qh5 g6 11. Qf3 Be6 12. Nd5 Bxd5 13. exd5 Bg7 14. Qh3 Qd7 15. Qh4 O-O 16. g4 g5 17. Qh3 f5 18. gxf5 Qxf5 19. Qg2 Ng6 20. f4 Nh4 21. Qg3 Rae8 22. Bd2 Re2 23. fxg5 Nf3+ 24. Kh1 Be5 0-1


[Site "https://www.chess.com"]

[Event "Titled Tuesday Blitz April 25 Early 2023"]
[White "Antal, Gergely"]
[Black "Movahed, Sina"]
[WhiteFideId "717312"]
[BlackFideId "42520835"]
[WhiteElo "2471"]
[BlackElo "2225"]
[Result "0-1"]
[Round "03"]
[TimeControl "180+2"]
[Date "2023.04.25"]
[WhiteClock "0:00:09"]
[BlackClock "0:00:25"]

1. e4 c5 2. Nf3 d6 3. d4 cxd4 4. Qxd4 Nc6 5. Bb5 Bd7 6. Bxc6 Bxc6 7. Nc3 e5 8. Qd3 h6 9. O-O Nf6 10. Rd1 Be7 11. b3 O-O 12. Ba3 Qa5 13. Bb2 Rac8 14. Nd2 Rfd8 15. Nc4 Qa6 16. a4 b6 17. f3 Qb7 18. Ne3 a6 19. Rac1 b5 20. axb5 axb5 21. Ncd5 Nxd5 22. Nxd5 Bg5 23. Ra1 Bxd5 24. exd5 Rc5 25. c3 Rdc8 26. Kh1 g6 27. b4 Rc4 28. Ra3 Bd8 29. h3 h5 30. Rda1 Bb6 31. Bc1 Re8 32. Bg5 f5 33. Qd2 e4 34. fxe4 Rcxe4 35. Bf6 Be3 36. Qd3 Qf7 37. Bh4 Rxh4 38. Qxb5 Rhe4 39. Ra8 Rxa8 40. Rxa8+ Kg7 41. Qb8 Kh6 42. Qxd6 Bf4 0-1


[Site "https://www.chess.com"]

[Event "Titled Tuesday Blitz April 25 Early 2023"]
[White "Lewicki, Miroslaw"]
[Black "Kuzubov, Yuriy"]
[WhiteFideId "1113380"]
[BlackFideId "14112906"]
[WhiteElo "2212"]
[BlackElo "2496"]
[Result "0-1"]
[Round "03"]
[TimeControl "180+2"]
[Date "2023.04.25"]
[WhiteClock "0:00:01"]
[BlackClock "0:00:14"]

1. g3 d5 2. Bg2 Nf6 3. Nf3 c5 4. O-O e6 5. d4 cxd4 6. Nxd4 e5 7. Nb3 Be6 8. Nc3 Be7 9. Bg5 Nbd7 10. f4 exf4 11. Bxf4 O-O 12. e4 dxe4 13. Nxe4 Nxe4 14. Bxe4 Qb6+ 15. Kh1 Rad8 16. Qf3 Nf6 17. Be3 Qc7 18. Bf4 Qb6 19. Be3 Qb4 20. Bxb7 Nd5 21. Ba6 Nc7 22. Bb7 Nd5 23. Ba6 Nxe3 24. Qxe3 Rfe8 25. Rf4 Qb8 26. Bc4 Bg5 27. Bxe6 Rxe6 28. Qf3 Bxf4 29. gxf4 Qb5 30. c3 Qd3 31. Qg2 Re2 32. Qb7 Qc2 33. Nd2 Rexd2 0-1


[Site "https://www.chess.com"]

[Event "Titled Tuesday Blitz April 25 Early 2023"]
[White "Bruedigam, Martin"]
[Black "Kevlishvili, Robby"]
[WhiteFideId "24608033"]
[BlackFideId "1040634"]
[WhiteElo "2331"]
[BlackElo "2572"]
[Result "0-1"]
[Round "03"]
[TimeControl "180+2"]
[Date "2023.04.25"]
[WhiteClock "0:00:01"]
[BlackClock "0:00:17"]

1. d4 Nf6 2. c4 g6 3. f3 Nc6 4. e4 e5 5. d5 Nd4 6. Ne2 c5 7. dxc6 dxc6 8. Nbc3 Bg7 9. Be3 Nh5 10. Qd2 O-O 11. O-O-O Nxe2+ 12. Bxe2 Qa5 13. g4 Nf4 14. h4 Be6 15. h5 Rfd8 16. Qc2 Bf8 17. hxg6 hxg6 18. Rh2 Bc5 19. Bxf4 exf4 20. Rdh1 Bd4 21. Bd3 Be5 22. Rh7 Qc5 23. Be2 Qe3+ 24. Kb1 Kf8 25. Qb3 b6 26. Qa3+ Qc5 27. Qb3 Ke7 0-1


[Site "https://www.chess.com"]